 Dungeon Crawl Stone Soup version 0.29-a0-219-g0a02b1cf4f (webtiles) character file.

Game seed: 13386241558825702549

572 Hasart the Bolt Thrower (level 6, -3/50 HPs)
             Began as a Demigod Arcane Marksman on Feb 25, 2022.
             Killed from afar by Blork the orc (8 damage)
             ... with a puff of flame
             ... on level 5 of the Dungeon.
             The game lasted 00:06:25 (5754 turns).

Hasart the Bolt Thrower (Demigod Arcane Marksman)   Turns: 5754, Time: 00:06:25

Health: -3/50      AC:  3    Str: 11    XL:     6   Next: 87%
Magic:  10/10      EV: 14    Int: 15    God:
Gold:   210        SH:  0    Dex: 22    Spells: 3/7 levels left

rFire   . . .      SeeInvis .   a - +1 hand crossbow
rCold   . . .      Faith    .   (no shield)
rNeg    . . .      Spirit   .   b - +0 robe
rPois   .          Reflect  .   (no helmet)
rElec   .          Harm     .   (no cloak)
rCorr   .          Rampage  .   j - +0 pair of gloves
Will    .....                   (no boots)
Stlth   +.........              (no amulet)
HPRegen 0.16/turn               (no ring)
MPRegen 0.12/turn               (no ring)

@: confused, ambrosia-drunk
A: high MP 1, forlorn, divine attributes
a: no special abilities


You were on level 5 of the Dungeon.
You visited 1 branch of the dungeon, and saw 5 of its levels.

You collected 210 gold pieces.

Inventory:

Hand Weapons
 a - a +1 hand crossbow (weapon)
Armour
 b - a +0 robe (worn)
 j - a +0 pair of gloves (worn)
Jewellery
 h - a ring of ice
Wands
 g - a wand of paralysis (3)
Scrolls
 d - 2 scrolls of fog {unknown}
 e - a scroll of enchant weapon
 f - a scroll of identify
 k - 2 scrolls of teleportation
Potions
 c - a potion of ambrosia
 i - a potion of resistance {unknown}
 o - 3 potions of brilliance
 p - a potion of curing {unknown}
 q - a potion of lignification {unknown}


   Skills:
 + Level 2.9 Fighting
 * Level 4.5 Crossbows
 + Level 3.4 Dodging
 + Level 3.0 Stealth
 - Level 1.0 Spellcasting
 + Level 2.9 Hexes
 + Level 0.7 Translocations


You had 3 spell levels left.
You knew the following spells:

 Your Spells              Type           Power      Damage    Failure   Level
a - Slow                  Hex            36%        N/A       8%          1
b - Portal Projectile     Hex/Tloc       12%        N/A       34%         3

Your spell library contained the following spells:

 Spells                   Type           Power      Damage    Failure   Level
 Ensorcelled Hibernation  Hex/Ice        10%        N/A       21%         2
 Passwall                 Tmut/Erth      0%         N/A       36%         2
 Inner Flame              Hex/Fire       5%         N/A       38%         3
 Summon Guardian Golem    Hex/Summ       5%         N/A       38%         3
 Swiftness                Air            0%         N/A       58%         3
 Cause Fear               Hex            4%         N/A       58%         4
 Orb of Destruction       Conj           0%         9d5       100%        7
 Spellforged Servitor     Conj/Summ      0%         N/A       100%        7


Dungeon Overview and Level Annotations

Branches:
Dungeon (5/15)             Temple (0/1) D:4

Annotations:
D:5 Blork the orc


Innate Abilities, Weirdness & Mutations

You have an increased reservoir of magic. (+10% MP)
You shall have no god before yourself.
Your divine heritage dramatically boosts your attributes as you level up.


Message History

A sky beast appears from thin air!
Reactivating autopickup.
Blork the orc comes into view.
He is wielding a +0 scimitar and carrying a wand of flame (16).
Found a book of Rime.
Blork the orc shouts!
Shoot: a) +1 hand crossbow
Press: ? - help, Q - select action, (/) - cycle Shift-Dir - straight line, f/p - sky beast
Aim: a sky beast (severely wounded, 60% to hit)
You shoot a bolt. The bolt hits the sky beast.
The sky beast is severely wounded.
The sky beast barely misses you. The sky beast hits you.
The sky beast shocks you.
* * * LOW HITPOINT WARNING * * *
Shoot: a) +1 hand crossbow
Press: ? - help, Q - select action, (/) - cycle Shift-Dir - straight line, f/p - sky beast
Aim: a sky beast (severely wounded, 60% to hit)
You shoot a bolt. The bolt hits the sky beast.
The sky beast is severely wounded.
The sky beast closely misses you.
Unknown command.
Blork the orc screams, "I'll drink your blood!
Soon!"
Blork the orc gestures wildly while chanting.
Blork the orc seems to speed up.
The sky beast flickers out of sight!
Deactivating autopickup; reactivate with Ctrl-A.
Blork the orc zaps a wand.
The puff of flame hits something!
Reactivating autopickup.
You feel a bit more experienced.
Your Stealth skill increases to level 3!
Blork the orc miscasts a cantrip.
Blork the orc screams, "I'll break your arms!"
Blork the orc gestures at you while chanting.
The puff of frost hits you!
* * * LOW HITPOINT WARNING * * *
Blork the orc casts a spell at you. The magic dart hits you.
* * * LOW HITPOINT WARNING * * *
You are confused.
You feel invigorated.
Blork the orc zaps a wand.
The puff of flame hits you!
You die...

.## #.##..........o# ####... .#
#####(##.##.##.###.# #.....#
######........##..#.###†###.##...
###....##.#######....##.....###..
....#.....# ##.#o....#### ..
##...g##### #....#.........#
#.#### ####...##.......... ##.#
#.......#........## .#.#
###.@...#.#........ ...##
#....####.#........ .)..##
####..### .#........ ###..#
##.....# .....g.... # ##.#
#..##### ## #÷####..# #...(...#
#..#...## ###......##


You could see Blork the orc (fast).

Vanquished Creatures
  A necrophage (D:4)
  A phantom (D:5)
  2 scorpions (D:5)
  A hound (D:4)
  Jessica (D:3)
  5 adders
  6 gnolls
  An ufetubus (D:4)
  A worm (D:2)
  3 dart slugs
  5 endoplasms
  A giant cockroach (D:4)
  5 goblins
  3 hobgoblins
  4 jackals (D:2)
  4 quokkas
  3 ball pythons
  3 bats
  A frilled lizard (D:3)
  6 kobolds
  3 rats
60 creatures vanquished.

Vanquished Creatures (others)
  A sky beast (D:5)
1 creature vanquished.

Grand Total: 61 creatures vanquished

Notes
Turn   | Place    | Note
-------+----------+-------------------------------------------
     0 | D:1      | Hasart the Demigod Arcane Marksman began the quest for the
                  | Orb.
     0 | D:1      | Reached XP level 1. HP: 15/15 MP: 4/4
   114 | D:1      | Reached skill level 1 in Fighting
   118 | D:1      | Reached skill level 2 in Crossbows
   312 | D:1      | Reached XP level 2. HP: 23/23 MP: 5/5
  1064 | D:2      | Reached skill level 1 in Stealth
  1314 | D:2      | Reached XP level 3. HP: 24/28 MP: 6/6
  2411 | D:3      | Noticed Jessica
  2416 | D:3      | Killed Jessica
  2417 | D:3      | Reached skill level 3 in Crossbows
  2417 | D:3      | Reached XP level 4. HP: 25/36 MP: 8/8
  3243 | D:4      | Found a staircase to the Ecumenical Temple.
  3383 | D:4      | Noticed a necrophage
  3400 | D:4      | Killed a necrophage
  3401 | D:4      | Reached XP level 5. HP: 20/42 MP: 9/9
  4209 | D:5      | Entered Level 5 of the Dungeon
  4510 | D:5      | Reached skill level 4 in Crossbows
  4538 | D:5      | HP: 1/42 [gnoll/+0 spear (5)]
  4833 | D:5      | Reached XP level 6. HP: 41/50 MP: 10/10
  5360 | D:4      | Learned a level 3 spell: Portal Projectile
  5737 | D:5      | Noticed Blork the orc
  5752 | D:5      | HP: 1/50 [Blork the orc/magic dart (6)]
  5754 | D:5      | Killed from afar by Blork the orc

Illustrated notes

Levels and vault maps discovered:
D:1:      amcnicky_arrival_blooded_trapdoor, layout_loops_corners, minivault_25
D:2:      layout_basic
D:3:      layout_loops_cross, jmf_multi_god_temple,
          hellmonk_ecumenical_altar_arch_garden, uniq_jessica
D:4:      minmay_door_path, layout_basic, temple_statues, serial_curves,
          eino_curves_03, eino_curves_02
D:5:      layout_rooms, mainiacjoe_overflow_alcove_1, glass_columns_a,
          uniq_blork_the_orc

Skill      XL: |  1  2  3  4  5  6 |
---------------+-------------------+-----
Fighting       | 1 2 |  2.9
Crossbows      | 2 3 4 |  4.5
Dodging        | 2 3 |  3.4
Stealth        | 1 2 3 |  3.0
Spellcasting   | |  1.0
Hexes          | |  2.9
Translocations | |  0.7

Action                   |  1- 3 |  4- 6 || total
-------------------------+-------+-------++-------
 Fire: Hand crossbow     |   119 |   133 ||   252
 Cast: Slow              |     2 |       ||     2
  Use: Scroll            |       |    10 ||    10
       Potion            |       |     1 ||     1
Armor: Robe              |    12 |    14 ||    26
Dodge: Dodged            |    35 |    62 ||    97

Table legend: (Time is in decaauts)
 A = Elapsed time spent in this place.
 B = Non-inter-level travel time spent in this place.
 C = Inter-level travel time spent in this place.
 D = Time resting spent in this place.
 E = Time spent auto-exploring this place.
 F = Levels seen in this place.
 G = Mean time per level.
                   A        B        C        D        E       F      G
               +--------+--------+--------+--------+--------+-----+--------+
         Total |   5843 |   5637 |    206 |   1473 |   3411 |   5 | 1168.6 |
       Dungeon |   5843 |   5637 |    206 |   1473 |   3411 |   5 | 1168.6 |
               +--------+--------+--------+--------+--------+-----+--------+

Top non-repeatable levels by time:
     D:4: 2013 daAuts
     D:2: 1321 daAuts
     D:1: 894 daAuts
     D:3: 860 daAuts
     D:5: 753 daAuts
